 Dungeon Crawl Stone Soup version 0.21-a0-352-g5b8f553 (webtiles) character file.

19075 EvilAshe the Grappler (level 12, -4/123 HPs)
             Began as a Troll Abyssal Knight on Oct 11, 2017.
             Was an Elder of Lugonu.
             Killed from afar by a deep elf knight (26 damage)
             ... with a shard of ice
             ... on level 13 of the Dungeon.
             The game lasted 00:38:22 (12615 turns).

EvilAshe the Grappler (Troll Abyssal Knight)       Turns: 12615, Time: 00:38:23

Health: -4/123     AC:  5    Str: 29    XL:     12   Next: 33%
Magic:  17/17      EV: 10    Int:  8    God:    Lugonu [****..]
Gold:   973        SH:  0    Dex:  9    Spells: 8/11 levels left

rFire    . . .     SeeInvis .     - Unarmed
rCold    + . .     Gourm    +   (no shield)
rNeg     . . .     Faith    .   a - +0 robe
rPois    .         Spirit   .   (helmet restricted)
rElec    .         Reflect  .   (no cloak)
rCorr    .         Harm     .   (gloves unavailable)
MR       .....                  (boots unavailable)
Stlth    +.........             y - amulet of regeneration
HPRegen  1.10/turn              z - ring of protection from cold
MPRegen  0.15/turn              I - +2 ring of strength

@: no status effects
A: unfitting armour, claws 3, fast metabolism 3, gourmand, regeneration 1,
shaggy fur 1, tough skin 2
a: Depart the Abyss, Bend Space, Banish, Corrupt, Renounce Religion


You were on level 13 of the Dungeon.
You worshipped Lugonu.
Lugonu was greatly pleased with you.
You were not hungry.

You visited 1 branch of the dungeon, and saw 13 of its levels.
You visited the Abyss 1 time.

You collected 973 gold pieces.

Inventory:

Missiles
 H - 2 tomahawks of returning (quivered)
Armour
 a - a +0 robe (worn)
Jewellery
 q - an uncursed amulet of magic regeneration
 r - the amulet of Jupudwy {rF+ rN+ MR- Regen+}
   (You found it on level 10 of the Dungeon)

   [amulet of regeneration]

   It protects you from fire.
   It protects you from negative energy.
   It affects your resistance to hostile enchantments.
   It increases your rate of regeneration.
 y - an amulet of regeneration (around neck)
 z - a ring of protection from cold (left claw)
 I - a +2 ring of strength (right claw)
 L - an uncursed ring of fire
Scrolls
 c - a scroll of recharging {unknown}
 e - a scroll of fog {unknown}
 f - a scroll of enchant weapon {unknown}
 h - a scroll of blinking
 o - 3 scrolls of remove curse
 t - a scroll of magic mapping {unknown}
 v - a scroll of noise {unknown}
 A - a scroll of vulnerability {unknown}
 B - a scroll of enchant armour {unknown}
 C - a scroll of teleportation {unknown}
 D - a scroll of silence {unknown}
 G - a scroll of brand weapon {unknown}
 J - a scroll of amnesia {unknown}
 N - a scroll of fear
 O - a scroll of torment {unknown}
Potions
 d - 6 potions of curing
 g - 3 potions of brilliance
 k - 5 potions of might
 l - 3 potions of heal wounds
 n - 3 potions of ambrosia
 p - 2 potions of agility
 u - a potion of cancellation
 w - 2 potions of haste
Books
 x - a book of Battle

   Spells                             Type                      Level
   a - Infusion                       Charms                       1
   b - Shroud of Golubria             Charms/Translocation         2
   c - Song of Slaying                Charms                       2
   d - Spectral Weapon                Hexes/Charms                 3
   e - Regeneration                   Charms/Necromancy            3
 E - a book of Debilitation

   Spells                             Type                      Level
   a - Corona                         Hexes                        1
   b - Slow                           Hexes                        2
   c - Inner Flame                    Hexes/Fire                   3
   d - Portal Projectile              Hexes/Translocation          3
   e - Cause Fear                     Hexes                        4
   f - Leda's Liquefaction            Hexes/Earth                  4
 F - a book of Changes

   Spells                             Type                      Level
   a - Beastly Appendage              Transmutation                1
   b - Sticks to Snakes               Transmutation                2
   c - Spider Form                    Transmutation/Poison         3
   d - Ice Form                       Ice/Transmutation            4
   e - Blade Hands                    Transmutation                5
 P - a book of Callings

   Spells                             Type                      Level
   a - Summon Small Mammal            Summoning                    1
   b - Call Imp                       Summoning                    2
   c - Call Canine Familiar           Summoning                    3
   d - Summon Guardian Golem          Hexes/Summoning              3
   e - Summon Lightning Spire         Summoning/Air                4
   f - Summon Ice Beast               Ice/Summoning                4
Miscellaneous
 K - a phantom mirror
Comestibles
 b - 18 bread rations
 i - 6 meat rations
 m - 7 royal jellies
 s - 11 fruits


   Skills:
 + Level 9.1 Fighting
 - Level 1.9 Dodging
 + Level 13.6 Unarmed Combat
 + Level 2.6 Charms
 + Level 3.2 Necromancy
 + Level 9.0 Invocations


You had 8 spell levels left.
You knew the following spells:

 Your Spells              Type           Power        Failure   Level  Hunger
r - Regeneration          Chrm/Necr      #.........   36%         3    ####...


Dungeon Overview and Level Annotations

Branches:
Dungeon (13/15)            Temple (0/1) D:5            Lair (0/6) D:9
    Orc (0/2) D:12
 Vaults: D:13-14

Altars:
Ashenzari
Cheibriados
Dithmenos
Elyvilon
Fedhas
Kikubaaqudgha
Makhleb
Nemelex Xobeh
Ru
Trog
Uskayaw
Xom
Zin
The Shining One
Beogh

Shops:
D:4 !   D:5 }   D:9 *   D:10 *

Annotations:
D:5 gorpus's ghost, novice OpWr
D:9 1 runed door
D:11 , corrupted
D:12 Maurice


Innate Abilities, Weirdness & Mutations

You are too large for most types of armour.
You have claws for hands.
Your metabolism is lightning-fast.
You like to eat raw meat.
Your natural rate of healing is unusually fast.
You are covered in fur. (AC +1)
You have very tough skin. (AC +2)


Message History

Aim: an ogre, wielding a giant club (lightly wounded)
You throw a tomahawk of returning.
The tomahawk of returning fails to return to your pack!
Something hits you. x2
You miss something. Something hits you.
You barely miss something. Something hits you but does no damage.
You mangle something!! Something hits you!
You barely miss something. Your claw misses something. Something hits you!
Something blocks your attack. Something hits you!
* * * LOW HITPOINT WARNING * * *
Something hits you but does no damage. Something blocks your attack.
Something hits you!
* * * LOW HITPOINT WARNING * * *
You scratch something but do no damage. Something hits you.
* * * LOW HITPOINT WARNING * * *
Something blocks your attack.
You hear some strange, mumbled words.
A shard of ice appears from out of thin air!
The shard of ice hits you! You partially resist.
You die...

#########..=..(...#
#.'.#.#.#.# ####'######
###.#...#.# ##...#
#####'### # #..### #...# #
##'###### ###.### #
#.......# #...# ###
#.......### ####'##### ..#
#......O{.# #....>...# ..+
#.......#@# #........# ..#
####.)##### #........# ..#
#..# . #...O....# ..#
#.(##. #........# ..# #
#..#.# .#...O....# ..#
##.#..#.##o.####'##### ###
......... #.#
z########.#..#.########.#
.##..........(.(.O...##.##


You could see an ogre.

Vanquished Creatures
  3 two-headed ogres
  A skeletal warrior (D:13)
  An unseen horror (D:11)
  A wizard (D:10)
  A manticore (D:11)
  A deep elf mage (D:13)
  The ghost of gorpus the Magician, a novice OpIE (D:6)
  3 trolls
  A merfolk (D:9)
  2 meliai (D:12)
  3 slime creatures (D:12)
  Prince Ribbit (D:7)
  A hornet (D:10)
  5 hippogriffs
  15 yaks
  A hungry ghost (D:9)
  Menkaure (D:7)
  7 small abominations
  A large abomination (D:9)
  A water moccasin (shapeshifter) (D:13)
  A water moccasin (D:12)
  A soldier ant (D:12)
  A sky beast (D:6)
  5 orc warriors
  3 phantoms
  2 black bears
  An ice beast (D:11)
  A necrophage (D:6)
  5 ogres
  2 wolves
  6 centaurs
  A crocodile (D:11)
  2 big kobolds
  6 bullfrogs
  A wyvern skeleton (D:11)
  5 scorpions
  6 killer bees (D:12)
  5 howler monkeys
  3 wights (D:9)
  An electric eel (D:9)
  8 crimson imps
  2 centaur zombies
  5 centaur skeletons
  13 hounds
  A quasit (D:7)
  2 bullfrog zombies
  4 jellies
  2 orc priests
  9 orc wizards
  4 iguanas
  6 worker ants
  A hound zombie (D:10)
  14 adders
  12 gnolls
  4 howler monkey skeletons
  3 shadow imps
  An ooze (D:7)
  2 adder skeletons
  6 worms
  A dart slug (D:2)
  9 leopard geckos
  24 orcs
  2 ball pythons (D:3)
  12 giant cockroaches
  7 goblins
  5 hobgoblins
  4 jackals (D:2)
  21 kobolds
  7 quokkas
  8 bats
  5 frilled lizards
  A jackal skeleton (D:4)
  10 rats
324 creatures vanquished.

Vanquished Creatures (others)
  A hydra (D:13)
  An ugly thing (D:11)
  3 large abominations
  5 dream sheep (D:9)
  2 yaks (D:11)
  4 centaurs (D:11)
  A quasit (D:11)
17 creatures vanquished.

Grand Total: 341 creatures vanquished

Notes
Turn   | Place    | Note
-------+----------+-------------------------------------------
     0 | Abyss:1  | EvilAshe the Troll Abyssal Knight began the quest for the Orb.
     0 | Abyss:1  | Reached XP level 1. HP: 22/22 MP: 1/1
    88 | Abyss:1  | Noticed a small abomination
    92 | D:1      | Escaped the Abyss
   233 | D:1      | Reached XP level 2. HP: 29/29 MP: 2/2
   273 | D:1      | Reached * piety under Lugonu
   280 | D:1      | Found a shattered altar of Ashenzari.
   512 | D:1      | Reached skill level 3 in Unarmed Combat
   512 | D:1      | Reached XP level 3. HP: 32/36 MP: 3/3
   863 | D:2      | Found a sacrificial altar of Ru.
  1016 | D:2      | Reached ** piety under Lugonu
  1019 | D:2      | Reached XP level 4. HP: 45/45 MP: 4/4
  1027 | D:2      | Found an ancient bone altar of Kikubaaqudgha.
  1256 | D:2      | Found a shattered altar of Ashenzari.
  1259 | D:2      | Found a white marble altar of Elyvilon.
  1316 | D:2      | Reached skill level 4 in Unarmed Combat
  1792 | D:3      | Noticed an ogre
  1880 | D:3      | Reached XP level 5. HP: 53/53 MP: 5/5
  1917 | D:3      | Found a snail-covered altar of Cheibriados.
  2069 | D:3      | Reached *** piety under Lugonu
  2140 | D:3      | Found a sparkling altar of Nemelex Xobeh.
  2323 | D:3      | Reached skill level 5 in Unarmed Combat
  2382 | D:4      | Found Eriuhiss's Distillery.
  2452 | D:4      | Reached XP level 6. HP: 61/62 MP: 6/6
  2651 | D:4      | You fall through a shaft!
  2651 | D:5      | Entered Level 5 of the Dungeon
  2728 | D:5      | Noticed an orc warrior
  2882 | D:5      | Killed an orc warrior
  2882 | D:5      | Reached skill level 6 in Unarmed Combat
  2882 | D:5      | Reached XP level 7. HP: 64/70 MP: 7/7
  2946 | D:5      | Found a shadowy altar of Dithmenos.
  3726 | D:5      | Noticed gorpus's ghost (novice OpWr)
  3804 | D:5      | Found Zucrit's Gadget Boutique.
  3910 | D:5      | Found a staircase to the Ecumenical Temple.
  4580 | D:3      | Reached skill level 7 in Unarmed Combat
  4974 | D:6      | Noticed gorpus's ghost (novice OpIE)
  4985 | D:6      | Killed gorpus's ghost
  4985 | D:6      | Reached XP level 8. HP: 60/79 MP: 9/9
  5156 | D:6      | Reached skill level 5 in Fighting
  5220 | D:6      | Reached skill level 8 in Unarmed Combat
  5427 | D:6      | Found a burning altar of Makhleb.
  5472 | D:6      | Reached **** piety under Lugonu
  5800 | D:7      | Noticed Prince Ribbit
  5819 | D:7      | Killed Prince Ribbit
  5819 | D:7      | Reached skill level 9 in Unarmed Combat
  5819 | D:7      | Reached XP level 9. HP: 73/89 MP: 11/11
  5852 | D:7      | Found a blossoming altar of Fedhas.
  6070 | D:7      | Noticed Menkaure
  6082 | D:7      | Killed Menkaure
  6172 | D:7      | Found a glowing golden altar of the Shining One.
  6642 | D:8      | Found a hide-covered altar of Uskayaw.
  6656 | D:8      | Learned a level 3 spell: Regeneration
  6701 | D:8      | Reached skill level 5 in Invocations
  6880 | D:8      | Noticed a two-headed ogre
  6987 | D:9      | Reached skill level 10 in Unarmed Combat
  6991 | D:9      | Noticed a two-headed ogre
  7105 | D:9      | Noticed a troll
  7110 | D:9      | Killed a troll
  7241 | D:9      | Noticed a four-headed hydra
  7477 | D:8      | Reached ***** piety under Lugonu
  7477 | D:8      | Reached XP level 10. HP: 89/100 MP: 13/13
  7510 | D:8      | Banished a two-headed ogre
  7570 | D:8      | Reached skill level 11 in Unarmed Combat
  7786 | D:9      | Found a bloodstained altar of Trog.
  7821 | D:9      | Banished a four-headed hydra
  8141 | D:9      | Found a staircase to the Lair.
  8171 | D:9      | Killed a two-headed ogre
  8171 | D:9      | Reached skill level 12 in Unarmed Combat
  8254 | D:9      | Found a glowing silver altar of Zin.
  8254 | D:9      | Noticed an angel
  8255 | D:9      | Found a runed door.
  8332 | D:9      | Found Quoni's General Store.
  8529 | D:9      | Found a shimmering altar of Xom.
  8681 | D:10     | Entered Level 10 of the Dungeon
  8782 | D:10     | Noticed a wizard
  8789 | D:10     | Killed a wizard
  8789 | D:10     | Reached XP level 11. HP: 107/110 MP: 15/15
  9394 | D:11     | Found a runed door.
  9537 | D:11     | Killed an unseen horror
  9650 | D:11     | Reached skill level 13 in Unarmed Combat
  9711 | D:11     | Noticed a red ugly thing
  9717 | D:11     | Corrupted D:11
  9717 | D:11     | Noticed a blizzard demon
  9721 | D:11     | Killed a red ugly thing
 10165 | D:10     | Got a sparkling bronze amulet
 10166 | D:10     | Identified the amulet of Jupudwy {rF+ rN+ MR- Regen+} (You found it on level 10 of the Dungeon)
 10238 | D:10     | Found Xeamesm's General Store.
 10696 | D:11     | Reached skill level 1 in Necromancy
 10799 | D:11     | Found a roughly hewn altar of Beogh.
 10870 | D:12     | Reached skill level 1 in Charms
 11215 | D:12     | Found a staircase to the Orcish Mines.
 11257 | D:12     | Found a shimmering altar of Xom.
 11283 | D:12     | Noticed a death knight
 11284 | D:12     | Noticed Maurice
 11908 | D:12     | Reached XP level 12. HP: 78/122 MP: 17/17
 12060 | D:13     | Noticed a two-headed ogre
 12063 | D:13     | Killed a two-headed ogre
 12109 | D:13     | Noticed a five-headed hydra
 12111 | D:13     | Banished a five-headed hydra
 12355 | D:13     | Noticed a two-headed ogre
 12362 | D:13     | Noticed a two-headed ogre
 12405 | D:12     | Killed a two-headed ogre
 12615 | D:13     | Killed from afar by a deep elf knight

Vault maps used:
D:1:      ncdulo_smallfort, st_stairs_4, minmay_stone_trees_small,
          evilmike_ruin_ashenzari
D:2:      nicolae_overflow_hidden_temple, kiku_gazebo_garden_becter,
          hangedman_ru_absence
D:3:      cheibriados_altar_1, overflow_temple_1_default,
          minmay_tree_intersection
D:4:      serial_shops, nicolae_shop_statue_plus, minmay_misc_feat_iff,
          minmay_hedge_maze, minmay_item_behind_shaft
D:5:      grunt_dithmenos_shadows, minmay_temple_entry_statues, serial_shops,
          nicolae_shop_trees, first_bread
D:6:      overflow_temple_1_default
D:7:      tso_metal_star, lemuel_round_altar, hex_tiny, uniq_prince_ribbit1,
          uniq_menkaure
D:8:      eat_drink_and_be_merry_uskayaw
D:9:      kb_xom_exploding_sheep, old_standard_altar, erik_lair_island,
          serial_shops, shop, hangedman_fish_farm, lemuel_angel_altar
D:10:     serial_shops, nicolae_shop_stone, minivault_25, laboratory
D:11:     lightli_church_of_beogh
D:12:     orc_0_dummy, basic_altar, uniq_maurice
D:13:     hangedman_vaults_entry_quadrant_bands

Skill      XL: |  1  2  3  4  5  6  7  8  9 10 11 12 |
---------------+-------------------------------------+-----
Unarmed Combat | 3 4 5 6 7 9 10 12 13 | 13.6
Fighting       | 3 4 5 6 7 8 9 |  9.1
Invocations    | 2 3 4 6 7 8 9 |  9.0
Necromancy     | 2 3 |  3.2
Charms         | 1 2 |  2.6
Dodging        | |  1.9

Action                   |  1- 3 |  4- 6 |  7- 9 | 10-12 || total
-------------------------+-------+-------+-------+-------++-------
Melee: Unarmed           |    89 |   174 |   337 |   455 ||  1055
       Punch             |       |     3 |     8 |    17 ||    28
Throw: Tomahawk          |    20 |     7 |    25 |    62 ||   114
Invok: Depart the Abyss  |     1 |       |       |       ||     1
       Bend Space        |       |     2 |       |     1 ||     3
       Banish            |       |       |       |    13 ||    13
       Corrupt           |       |       |       |     1 ||     1
  Use: Scroll            |       |     5 |     9 |     5 ||    19
       Potion            |       |       |       |     1 ||     1
  Eat: Chunk             |    15 |    16 |    41 |    51 ||   123
       Royal jelly       |       |       |     1 |       ||     1
Armor: Robe              |    35 |    37 |    77 |    81 ||   230
       Skin              |       |       |       |    17 ||    17
Dodge: Dodged            |    33 |    88 |   121 |   181 ||   423

Table legend:
 A = Spawn XP
 B = Non-spawn XP
 C = Spawn XP percentage of total XP
 D = Spawn monster count
 E = Non-spawn monster count
 F = Spawn count percentage of total count
 G = Total turns spent on level
                    A         B        C        D         E        F      G
               +---------+---------+-------+---------+---------+-------+---------
         Total |       0 |   27250 |   0.0 |       0 |     330 |   0.0 | 12615
               +---------+---------+-------+---------+---------+-------+---------
           D:1 |       0 |      45 |   0.0 |       0 |      23 |   0.0 |   752
           D:2 |       0 |     122 |   0.0 |       0 |      32 |   0.0 |   894
           D:3 |       0 |     252 |   0.0 |       0 |      29 |   0.0 |   931
           D:4 |       0 |     332 |   0.0 |       0 |      21 |   0.0 |   836
           D:5 |       0 |     516 |   0.0 |       0 |      14 |   0.0 |  1429
           D:6 |       0 |    1177 |   0.0 |       0 |      19 |   0.0 |   748
           D:7 |       0 |    1166 |   0.0 |       0 |      26 |   0.0 |  1126
           D:8 |       0 |    2499 |   0.0 |       0 |      23 |   0.0 |   717
           D:9 |       0 |    4461 |   0.0 |       0 |      28 |   0.0 |  1338
          D:10 |       0 |    3700 |   0.0 |       0 |      36 |   0.0 |   914
          D:11 |       0 |    4105 |   0.0 |       0 |      35 |   0.0 |  1218
          D:12 |       0 |    4798 |   0.0 |       0 |      32 |   0.0 |  1154
          D:13 |       0 |    4077 |   0.0 |       0 |      12 |   0.0 |   466
               +---------+---------+-------+---------+---------+-------+---------
